 Dungeon Crawl Stone Soup version 0.23.2-33-g5129a83 (webtiles) character file.

Game seed: 926827076575994755

131 technought the Skirmisher (level 4, -2/35 HPs)
             Began as a Vampire Fighter on Aug 6, 2019.
             Slain by a hobgoblin (5 damage)
             ... led by Robin
             ... on level 2 of the Dungeon.
             The game lasted 00:03:51 (1112 turns).

technought the Skirmisher (Vampire Fighter)         Turns: 1112, Time: 00:03:52

Health: -2/35      AC:  8    Str: 21    XL:     4   Next: 91%
Magic:  4/4        EV:  8    Int: 10    God:
Gold:   189        SH:  9    Dex: 13    Spells: 3/3 levels left

rFire    . . .     SeeInvis +   a - +0 long sword
rCold    . . .     Gourm    .   c - +0 shield
rNeg     . . .     Faith    .   b - +0 scale mail
rPois    .         Spirit   .   i - +1 helmet
rElec    .         Reflect  .   (no cloak)
rCorr    .         Harm     .   (no gloves)
MR       .....                  (no boots)
Stlth    ..........             (no amulet)
HPRegen  0.31/turn              (no ring)
MPRegen  0.09/turn              (no ring)

@: mighty, lethally poisoned (-2 -> -15), berserk cooldown, regenerating
quickly, slowed, very slow
A: fangs 3, see invisible, unbreathing
a: no special abilities


You were on level 2 of the Dungeon.
You were very full.

You visited 1 branch of the dungeon, and saw 2 of its levels.

You collected 189 gold pieces.

Inventory:

Hand Weapons
 a - a +0 long sword (weapon)
 h - a +2 dagger of protection
Armour
 b - a +0 scale mail (worn)
 c - a +0 shield (worn)
 i - a +1 helmet (worn)
Scrolls
 k - 2 scrolls of remove curse
 m - a scroll of random uselessness {unknown}
Potions
 d - a potion of might
 e - 2 potions of blood
 j - a potion of lignification {unknown}
 l - 3 potions of haste {unknown}


   Skills:
 + Level 3.5 Fighting
 + Level 3.1 Long Blades
 + Level 2.9 Armour
 + Level 1.1 Dodging
 + Level 3.3 Shields


You had 3 spell levels left.
You didn't know any spells.
Your spell library was empty.

Dungeon Overview and Level Annotations

Branches:
Dungeon (2/15)

Altars:
Fedhas


Innate Abilities, Weirdness & Mutations

Your natural rate of healing is unusually fast.
You have razor-sharp teeth.
You have supernaturally acute eyesight. (SInv)
You can survive without breathing.


Message History

a +0 short sword; a +0 animal skin; a +0 helmet; the hobgoblin corpse of Robin You slash the goblin!
You kill the goblin!
* * * LOW HITPOINT WARNING * * *
You feel sick.
The hobgoblin hits you but does no damage.
The hobgoblin hits you with a +0 club.
* * * LOW HITPOINT WARNING * * *
You are no longer berserk.
You are exhausted.
You feel yourself slow down.
* * * LOW HITPOINT WARNING * * *
You feel sick.
You see here a +0 dagger of venom.
Your shield and scale mail prevent you from hitting the hobgoblin.
* * * LOW HITPOINT WARNING * * *
You feel very sick.
The hobgoblin hits you but does no damage.
You block the hobgoblin's attack. The hobgoblin hits you.
You die...

##..............#
##..........
#.....###....###
#.......... #.....#
####.# #..........
###.### .# ##..........
#.# .# #........... #.#
.########........... #.#
. # #.................
..#
...$#.##g)..##.######....
###
.......)@)...........)...
....##.#g....#.######.###
. ...#..#..#.# #.
..##.#..#..#.# #. ##
#.#..#..#.# #.#.....#.#
####.##.#.# #.##.#.#


You could see 2 hobgoblins.

Vanquished Creatures
  Robin (D:2)
  3 adders (D:2)
  8 oozes
  A leopard gecko (D:1)
  3 bats
  6 giant cockroaches (D:1)
  15 goblins
  5 hobgoblins
  A jackal (D:1)
  3 kobolds
  A quokka (D:2)
  2 frilled lizards
  7 rats
56 creatures vanquished.

Vanquished Creatures (others)
  3 toadstools (D:2)
3 creatures vanquished.

Grand Total: 59 creatures vanquished

Notes
Turn   | Place    | Note
-------+----------+-------------------------------------------
     0 | D:1      | technought the Vampire Fighter began the quest for the Orb.
     0 | D:1      | Reached XP level 1. HP: 17/17 MP: 1/1
     1 | D:1      | Found a runed translucent door.
    24 | D:1      | Reached XP level 2. HP: 20/23 MP: 2/2
    47 | D:1      | Reached XP level 3. HP: 15/29 MP: 3/3
   732 | D:2      | Reached XP level 4. HP: 35/35 MP: 4/4
   933 | D:2      | Found a blossoming altar of Fedhas.
   964 | D:2      | Reached skill level 1 in Dodging
  1083 | D:2      | Noticed Robin
  1108 | D:2      | Killed Robin
  1112 | D:2      | Slain by a hobgoblin

Skill      XL: |  1  2  3  4 |
---------------+-------------+-----
Fighting       | 3 |  3.5
Shields        | 3 |  3.3
Long Blades    | 3 |  3.1
Dodging        | 1 |  1.1
Armour         | |  2.9

Action                   |  1- 3 |  4- 6 || total
-------------------------+-------+-------++-------
Melee: Long sword        |    93 |    65 ||   158
       Bite              |    10 |     3 ||    13
  Use: Scroll            |     3 |       ||     3
       Potion            |       |     3 ||     3
  Eat: Corpse            |     8 |     2 ||    10
Armor: Scale mail        |    43 |    47 ||    90
Dodge: Dodged            |    25 |    39 ||    64
Block: Shield            |    46 |    56 ||   102
       Rpst.: Long sword |    10 |     7 ||    17
